 Dungeon Crawl Stone Soup version 0.17.1-3-g152610e (webtiles) character file.

487561 Miyamura the Bludgeoner (level 23, -37/232 HPs)
             Began as a Troll Warper on Mar 5, 2016.
             Was the Champion of Okawaru.
             Killed from afar by a frost giant (illusionary) (51 damage)
             ... with a bolt of cold
             ... on level 3 of the Depths.
             The game lasted 03:54:02 (64822 turns).

Miyamura the Bludgeoner (Troll Warper)             Turns: 64822, Time: 03:54:02

Health: -37/232    AC: 26    Str: 25    XL:     23   Next: 53%
Magic:  37/38      EV: 14    Int: 15    God:    Okawaru [******]
Gold:   2416       SH: 22    Dex: 18    Spells: 10 memorised, 5 levels left

rFire  + + .     SeeInvis +     X - +11 flail of Battle {vamp, rN++ MP-9 Dex+4}
rCold  . . .     Clarity  +     V - +7 fire dragon armour
rNeg   + + .     SustAt   .     c - +1 large shield {rC+}
rPois  +         Gourm    +     y - +0 mask of the Dragon {MR+ Slay+3 SInv}
rElec  +         Spirit   .     n - +2 cloak of Masochism {MP+9 Int+2 Slay+6}
rCorr  .         Warding  .     (gloves unavailable)
rMut   .         Stasis   .     (boots unavailable)
MR     +++..                    g - amulet "Qirurch" {+Rage rC+ Int+2 Slay+3}
Stlth  ..........               u - ring of poison resistance
                                L - ring "Wuchu" {rElec rC- MR+ MP+9 SInv}

@: very slightly contaminated, extremely resistant to hostile enchantments,
extremely unstealthy
A: unfitting armour, beak, claws 3, hooves 2, icy blue scales 1, agile 1,
berserk 1, clarity, dopey 1, fast metabolism 3, gourmand, low mp 1, mutation
resistance 1, regeneration 2, shaggy fur 1, tough skin 2, MP-powered wands
a: Heroism, Finesse, Renounce Religion, Evoke Berserk Rage
}: 3/15 runes: decaying, serpentine, slimy


You were on level 3 of the Depths.
You worshipped Okawaru.
Okawaru was exalted by your worship.
You were very full.

You visited 9 branches of the dungeon, and saw 48 of its levels.
You also visited: Labyrinth, Trove, Ossuary and Volcano.

You collected 5778 gold pieces.
You spent 3205 gold pieces at shops.

Inventory:

Hand Weapons
 i - the +4 giant spiked club of Gotaoc {crush, rPois rF+ Int+4}
   (You acquired it on level 3 of the Lair of Beasts)

   It inflicts extra damage upon your enemies.
   It affects your intelligence (+4).
   It protects you from fire.
   It protects you from poison.
 X - the +11 flail of Battle (weapon) {vamp, rN++ MP-9 Dex+4}
   (You took it off an orc warrior on level 13 of the Dungeon)

   It inflicts no extra harm, but heals its wielder somewhat when it strikes a
   living foe.
   It affects your dexterity (+4).
   It greatly protects you from negative energy.
   It affects your magic capacity (-9).
Missiles
 w - 13 tomahawks of returning
 S - 69 large rocks (quivered)
Armour
 c - a +1 large shield of cold resistance (worn)
 n - the +2 cloak of Masochism (worn) {MP+9 Int+2 Slay+6}
   (Okawaru gifted it to you on level 1 of the Depths)

   It affects your intelligence (+2).
   It affects your accuracy and damage with ranged weapons and melee attacks
   (+6).
   It affects your magic capacity (+9).
 t - the +3 cloak of Benevolence {-Tele +Fly rF++ rC+}
   (You found it in a treasure trove)

   It greatly protects you from fire.
   It protects you from cold.
   It lets you fly.
   It prevents most forms of teleportation.
 y - the +0 mask of the Dragon (worn) {MR+ Slay+3 SInv}
   (You found it on level 3 of the Lair of Beasts)

   It affects your accuracy and damage with ranged weapons and melee attacks
   (+3).
   It affects your resistance to hostile enchantments.
   It lets you see invisible.
 V - a +7 fire dragon armour (worn)
Jewellery
 b - an uncursed amulet of resist mutation
 g - the amulet "Qirurch" (around neck) {+Rage rC+ Int+2 Slay+3}
   (You bought it in a shop on level 4 of the Orcish Mines)

   [amulet of rage]

   It affects your intelligence (+2).
   It affects your accuracy and damage with ranged weapons and melee attacks
   (+3).
   It protects you from cold.
   It lets you go berserk.
 u - a ring of poison resistance (right claw)
 x - an uncursed amulet of resist corrosion
 J - an uncursed ring of protection from cold
 L - the ring "Wuchu" (left claw) {rElec rC- MR+ MP+9 SInv}
   (You found it on level 9 of the Dungeon)

   [ring of see invisible]

   It makes you vulnerable to cold.
   It insulates you from electricity.
   It affects your resistance to hostile enchantments.
   It affects your magic capacity (+9).
   It lets you see invisible.
 R - an uncursed ring of protection from magic
Wands
 k - a wand of teleportation (5)
 r - a wand of digging (4)
 N - a wand of fire (10)
 T - a wand of cold (5)
Scrolls
 a - 7 scrolls of recharging
 h - a scroll of teleportation
 j - 8 scrolls of amnesia
 l - 3 scrolls of magic mapping
 m - 14 scrolls of fog
 q - 12 scrolls of immolation
 v - 4 scrolls of identify
 A - 4 scrolls of blinking
 B - a scroll of enchant armour
 H - 15 scrolls of remove curse
 W - 8 scrolls of fear
Potions
 d - a potion of cure mutation
 e - 18 potions of curing
 o - 3 potions of cancellation
 p - 4 potions of brilliance
 s - 6 potions of heal wounds
 z - 6 potions of agility
 E - a potion of magic
 G - 2 potions of resistance
 P - 4 potions of might
 U - 2 potions of lignification
 Y - 7 potions of flight
Miscellaneous
 F - an ornate deck of wonders {Dowsing, drawn: 1}
 K - a sack of spiders
 M - a phantom mirror
Comestibles
 f - 24 bread rations
 C - a slice of pizza
 D - a meat ration
 I - 16 fruits


   Skills:
 + Level 14.3 Fighting
 * Level 19.7 Maces & Flails
 - Level 9.9 Throwing
 + Level 11.5 Armour
 - Level 10.0 Dodging
 - Level 15.0 Shields
 - Level 7.3 Spellcasting
 - Level 8.5 Translocations
 - Level 7.1 Invocations


You had 5 spell levels left.
You knew the following spells:

 Your Spells              Type           Power        Failure   Level  Hunger
a - Apportation           Tloc           ####......   1%          1    None
b - Blink                 Tloc           N/A          1%          2    None
d - Dispersal             Tloc           ####......   98%         6    #######
g - Passage of Golubria   Tloc           N/A          12%         4    ####...
h - Haste                 Chrm           #.......     100%        6    #######
p - Portal Projectile     Tloc           ####..       2%          3    ##.....
s - Shroud of Golubria    Chrm/Tloc      ###.......   10%         2    None
t - Teleport Other        Tloc           ####....     2%          3    ##.....
R - Repel Missiles        Chrm/Air       #.....       52%         2    None
S - Swiftness             Chrm/Air       #.......     52%         2    None


Dungeon Overview and Level Annotations

Branches:
Dungeon (15/15)            Temple (1/1) D:5            Lair (8/8) D:11
  Swamp (4/4) Lair:5        Snake (4/4) Lair:3        Slime (6/6) Lair:7
    Orc (4/4) D:12            Elf (3/3) Orc:4        Vaults (0/5) D:13
 Depths (3/5) D:15

Altars:
Ashenzari
Cheibriados
Dithmenos
Elyvilon
Fedhas
Gozag
Kikubaaqudgha
Makhleb
Nemelex Xobeh
Okawaru
Qazlal
Ru
Sif Muna
Trog
Vehumet
Xom
Yredelemnul
Zin
The Shining One
Beogh

Shops:
D:6 }   D:11 (   D:13 *   D:15 *   Orc:1 ([(   Orc:4 =*[(   Elf:1 %

Portals:
Hell: Lair:8 Depths:1 Depths:2 Depths:3
Abyss: Depths:1
Pandemonium: Depths:3
Bazaar: Depths:3


Innate Abilities, Weirdness & Mutations

You are too large for most types of armour.
You have claws for hands.
Your metabolism is lightning-fast.
You like to eat raw meat.
You heal very quickly.
You are covered in fur (AC +1).
You have very tough skin (AC +2).
You have a beak for a mouth.
You have hoof-like feet.
You are partially covered in icy blue scales (AC +1).
You are agile. (Dex +2)
You tend to lose your temper in combat.
You possess an exceptional clarity of mind.
You are dopey. (Int -2)
Your magical capacity is low (-10% MP).
You are somewhat resistant to further mutation.
You expend magic power (3 MP) to strengthen your wands.


Message History

Unknown command.
Casting: Repel Missiles
Confirm with . or Enter, or press ? or * to list all spells.
You blink.
The rakshasa gestures at you. The orb of energy hits you!
* * * LOW HITPOINT WARNING * * *
The frost giant casts a spell at you. The bolt of cold hits you!
* * * LOW HITPOINT WARNING * * *
Read which item? (? for menu, Esc to quit)
Blink to where?
Press: ? - help, Dir - move target cursor You are very lightly contaminated with residual magic.
As you read the scroll of blinking, it crumbles to dust.
You start resting.
Your surroundings suddenly seem different.
The frost giant gestures at you while chanting.
The bolt of cold hits you!
You die...

##############..###########.#
##.......#.#.................#
##..........##....C.....#....<#
#.........#..##...C....##.....#
...###.####...#.)......#......#
#.....#....##.......#......## .
#.....#........<..####......# ..
#.....#......##.#.#..##....##
...#.....#.....@.#.#.....#......
###.....[.#......................
..###.....#........###...........
....#.....##....#.##.#.#.........
...)#####.#..[.........#######.#.
..................#....## ####.#
...........###..#.#.....# #.#.#.
(........###.#..#.#.....#####.###
.(.......#...####.#.....##.#.##.#


You could see 2 frost giants.

Vanquished Creatures
  the royal jelly (Slime:6)
  the Lernaean hydra (Swamp:4)
  Norris (Depths:3)
  Nikola (Swamp:1)
  the Enchantress (Depths:2)
  A tentacled monstrosity (Depths:2)
  Jorgrun (Elf:2)
  A deep elf blademaster (Elf:3)
  2 deep elf master archers (Elf:3)
  A titan (Depths:3)
  30 acid blobs
  2 thorn hunters (Swamp:3)
  13 azure jellies
  6 fire giants
  A shadow dragon (Depths:2)
  5 greater nagas
  A tengu reaver (Depths:2)
  An orc warlord (Orc:4)
  Donald (Swamp:1)
  Maud (D:11)
  9 deep elf sorcerers
  Louise (Elf:1)
  2 frost giants
  2 iron dragons (Depths:3)
  A caustic shrike zombie (Depths:2)
  A balrug (Depths:1)
  The ghost of HEYYEYAAE the Spry, an adept SpTm of Nemelex Xobeh (Snake:4)
  3 spriggan defenders (Depths:2)
  A caustic shrike skeleton (Depths:2)
  5 very ugly things
  12 stone giants
  The ghost of simples the Carver, a journeyman MiFi of Okawaru (Lair:8)
  12 deep elf annihilators (Elf:3)
  3 deep elf demonologists (Elf:3)
  Azrael (D:13)
  A dire elephant (D:15)
  6 ettins
  3 deep elf death magi
  Snorg (Lair:6)
  A green death (Depths:1)
  4 fire dragons (Depths:2)
  A minotaur (Lab)
  The ghost of emiel the Spear-Bearer, a journeyman NaGl of Cheibriados (Lair:2)
  Josephine (D:15)
  4 yaktaur captains
  13 great orbs of eyes
  5 deep elf high priests (Elf:3)
  2 entropy weavers
  3 jiangshi (Depths:3)
  14 death oozes
  3 rakshasas
  Harold (Lair:2)
  3 ogre magi
  28 hydras
  A juggernaut simulacrum (Depths:1)
  14 naga warriors
  A hell beast (Depths:1)
  4 ice dragons
  2 spriggan air magi (Depths:2)
  2 ghost crabs (Swamp:3)
  15 dancing weapons (Elf:2)
  14 alligators
  8 anacondas
  10 centaur warriors
  5 deep troll shamans
  6 orc high priests
  3 tengu warriors
  The ghost of simples the Severer, a novice MiFi of Zin (Lair:2)
  14 death yaks
  2 deep troll earth magi
  2 catoblepae (Depths:3)
  3 vampire magi
  A queen ant (shapeshifter) (Elf:1)
  14 naga sharpshooters
  8 shock serpents
  3 spriggan berserkers
  Sonja (Lair:2)
  18 deep elf knights
  3 sun demons
  3 iron trolls
  2 hell knights
  8 skeletal warriors (D:14)
  14 swamp dragons
  A golden dragon zombie (Depths:2)
  2 spriggan druids
  2 giant orange brains
  4 salamander mystics
  10 deep trolls
  A flayed ghost (Depths:3)
  A lindwurm (Lair:5)
  An obsidian statue (Depths:1)
  3 shambling mangroves
  6 naga ritualists
  17 deep elf summoners
  3 griffons
  3 necromancers (Depths:2)
  5 orc knights
  A tengu zombie (Depths:2)
  23 ugly things
  2 wolf spider zombies
  15 deep elf conjurers
  9 mana vipers
  A hornet (shapeshifter) (Depths:3)
  A frost giant zombie (Depths:2)
  A tengu skeleton (Depths:2)
  A wizard (Lair:8)
  10 hill giants
  A hornet (Swamp:1)
  15 salamanders
  The ghost of dearth the Covert, a novice SpEn of Ashenzari (D:10)
  3 elephants (Lair:4)
  2 oklob plants (Lair:7)
  6 orc sorcerers
  8 shining eyes
  4 manticores
  A rust devil (Depths:1)
  5 cyclopes
  4 centaur zombies
  3 guardian serpents
  2 eyes of devastation (Slime:5)
  32 black mambas
  3 sixfirhies
  A frost giant skeleton (Depths:2)
  A torpor snail (Lair:3)
  24 naga magi
  4 gargoyles
  An efreet (D:15)
  3 orange demons
  10 komodo dragons
  A spriggan skeleton (Depths:2)
  An elf skeleton (Depths:2)
  4 fire drakes
  3 small abominations
  28 spiny frogs
  4 red devils
  12 yaktaurs
  3 kobold demonologists
  3 tengu conjurers
  A hellwing (Lair:8)
  8 trolls
  2 sphinx simulacra (Depths:2)
  11 deep elf priests
  A jumping spider (Depths:2)
  9 two-headed ogres
  A polar bear (shapeshifter) (Elf:1)
  6 giant leeches
  A polar bear (Lair:4)
  5 blue devils
  A trapdoor spider zombie (D:11)
  A slime creature (shapeshifter) (D:15)
  A boulder beetle (Lair:6)
  111 slime creatures
  A fire dragon zombie (Depths:1)
  3 wyverns
  9 blink frogs
  A trapdoor spider (D:10)
  Sigmund (D:2)
  7 spriggans
  A frost giant simulacrum (Depths:2)
  A hog (Volcano)
  69 yaks
  4 shadows
  A vampire (D:15)
  A redback (Depths:2)
  A spriggan simulacrum (Depths:2)
  5 wraiths
  33 deep elf magi
  A hungry ghost (D:7)
  2 chaos spawn (Depths:1)
  A fire bat (Volcano)
  21 golden eyes
  4 basilisks
  25 deep elf fighters
  A yak (shapeshifter) (D:13)
  2 fire elementals (D:13)
  28 swamp worms
  15 wolves
  4 insubstantial wisps (Swamp:2)
  13 hippogriffs
  18 vampire mosquitoes
  36 nagas
  A warg (Orc:4)
  A mottled dragon (D:15)
  A soldier ant (D:14)
  12 water moccasins
  13 swamp drakes
  13 porcupines
  4 black bears
  8 hell hounds
  9 sky beasts
  5 ice beasts
  8 eyes of draining
  51 orc warriors
  17 ogres
  10 boggarts
  6 centaurs
  11 wasps
  19 crocodiles
  2 necrophages
  2 phantoms
  An elf zombie (Ossuary)
  20 giant frogs
  7 earth elementals (Depths:3)
  3 gnoll sergeants
  6 big kobolds
  A brain worm (Lair:8)
  A wyvern zombie (D:8)
  2 scorpions
  6 killer bees (D:14)
  3 electric eels (D:11)
  2 giant frog zombies (D:11)
  8 crimson imps
  A wasp zombie (D:12)
  14 hounds
  28 orc priests
  An iron imp (Depths:1)
  42 jellies
  41 orc wizards
  Crazy Yiuf (D:3)
  A human zombie (Ossuary)
  Ijyb (D:3)
  4 centaur skeletons
  Jessica (D:2)
  2 giant frog skeletons
  7 hell rats (Lair:8)
  Natasha (thrice) (D:2 D:3)
  12 iguanas
  11 worker ants
  3 big kobold zombies (Ossuary)
  45 sheep
  2 mummies (Ossuary)
  A worker ant zombie (D:5)
  13 adders
  22 gnolls
  53 river rats
  A white imp (Depths:1)
  9 shadow imps
  2 oozes
  6 adder zombies
  3 worms
  An adder skeleton (D:7)
  167 orcs
  3 ball pythons
  7 bats
  5 giant cockroaches
  7 goblins
  8 hobgoblins
  10 jackals
  4 quokkas
  4 giant geckos
  6 giant newts
  A goblin zombie (Ossuary)
  8 hobgoblin zombies (Ossuary)
  A jackal skeleton (D:6)
  2 jackal zombies
  41 kobolds
  10 kobold zombies (Ossuary)
  6 orc zombies (Ossuary)
  A quokka skeleton (D:6)
  11 rats
  A rat zombie (Ossuary)
  2 crawling corpses (Elf:3)
  3 fungi
  A plant (D:11)
2081 creatures vanquished.

Vanquished Creatures (others)
  2 nagas
  A giant frog (Lair:7)
  An orc wizard (D:8)
  A worker ant (D:15)
  A briar patch (Swamp:3)
  A bush (D:3)
  43 fungi
  19 plants
69 creatures vanquished.

Grand Total: 2150 creatures vanquished

Notes
Turn   | Place    | Note
--------------------------------------------------------------
     0 | D:1      | Miyamura the Troll Warper began the quest for the Orb.
     0 | D:1      | Reached XP level 1. HP: 19/19 MP: 1/1
     6 | D:1      | Noticed a fire drake
     6 | D:1      | Noticed a redback
     6 | D:1      | Noticed a polar bear
     6 | D:1      | Noticed a crocodile
     9 | D:1      | Noticed a swamp worm
   108 | D:1      | Reached skill level 1 in Throwing
   131 | D:1      | Reached XP level 2. HP: 28/28 MP: 3/3
   475 | D:1      | Learned a level 2 spell: Blink
   524 | D:2      | Noticed Sigmund
   585 | D:2      | Killed Sigmund
   585 | D:2      | Reached XP level 3. HP: 21/35 MP: 4/4
   585 | D:2      | Reached XP level 4. HP: 25/42 MP: 5/5
   585 | D:2      | Reached XP level 5. HP: 29/49 MP: 6/6
   624 | D:2      | Noticed Jessica
   760 | D:2      | Killed Jessica
   833 | D:2      | Learned a level 2 spell: Shroud of Golubria
  1300 | D:2      | Found a bloodstained altar of Trog.
  1532 | D:3      | Noticed Natasha
  1571 | D:2      | Killed Natasha
  1571 | D:2      | Reached XP level 6. HP: 3/59 MP: 1/8
  1750 | D:3      | Noticed Ijyb
  1760 | D:3      | Killed Ijyb
  1780 | D:2      | Noticed Natasha
  1789 | D:3      | Killed Natasha
  1789 | D:3      | Reached skill level 3 in Translocations
  1886 | D:3      | Noticed Natasha
  1895 | D:3      | Killed Natasha
  1896 | D:3      | Found a radiant altar of Vehumet.
  2025 | D:3      | Learned a level 3 spell: Portal Projectile
  2498 | D:3      | Noticed Crazy Yiuf
  3040 | D:3      | Killed Crazy Yiuf
  3471 | D:4      | Reached XP level 7. HP: 62/66 MP: 9/9
  3887 | D:5      | Entered Level 5 of the Dungeon
  4530 | D:5      | Found a staircase to the Ecumenical Temple.
  4536 | Temple   | Entered the Ecumenical Temple
  4761 | Temple   | Became a worshipper of Warmaster Okawaru
  5554 | D:5      | Reached XP level 8. HP: 44/75 MP: 11/11
  5930 | D:6      | Found Hirghanu's Gadget Shop.
  5936 | D:6      | Bought a wand of paralysis (5) for 98 gold pieces
  6032 | D:6      | Found a blossoming altar of Fedhas.
  6745 | D:7      | Reached skill level 4 in Translocations
  6781 | D:7      | Reached * piety under Okawaru
  7128 | D:7      | Found a glowing golden altar of the Shining One.
  7677 | D:7      | Reached XP level 9. HP: 61/85 MP: 13/13
  7681 | D:7      | Gained mutation: You have a beak for a mouth. [mutagenic meat]
  7682 | D:7      | Gained mutation: Your muscles are strong. (Str +2) [mutagenic meat]
  7783 | D:8      | Found a sand-covered staircase.
  7798 | Ossuary  | Entered an ossuary
  7889 | Ossuary  | Reached ** piety under Okawaru
  8421 | D:8      | Found a deep blue altar of Sif Muna.
  8588 | D:8      | Found a blossoming altar of Fedhas.
  8685 | D:8      | Found a snail-covered altar of Cheibriados.
  8919 | D:8      | Reached skill level 5 in Maces & Flails
  9018 | D:9      | Reached skill level 5 in Fighting
  9113 | D:9      | Got a wavering jade ring
  9115 | D:9      | Identified the ring "Wuchu" {rElec rC- MR+ MP+9 SInv} (You found it on level 9 of the Dungeon)
  9388 | D:9      | Reached *** piety under Okawaru
  9397 | D:9      | Reached skill level 5 in Dodging
  9404 | D:9      | Reached skill level 5 in Throwing
  9913 | D:10     | Entered Level 10 of the Dungeon
  9952 | D:9      | Reached skill level 5 in Translocations
  9963 | D:9      | Learned a level 3 spell: Teleport Other
  9968 | D:9      | Learned a level 4 spell: Passage of Golubria
  9985 | D:10     | Noticed dearth's ghost (novice SpEn)
 10145 | D:10     | Killed dearth's ghost
 10145 | D:10     | Reached XP level 10. HP: 67/96 MP: 15/15
 10447 | D:10     | Reached **** piety under Okawaru
 10644 | D:10     | Received a gift from Okawaru
 10650 | D:10     | Noticed a centaur zombie
 10686 | D:10     | Killed a centaur zombie
 10686 | D:10     | Reached skill level 6 in Maces & Flails
 10941 | D:10     | Received a gift from Okawaru
 11454 | D:10     | Gained mutation: You tend to lose your temper in combat. [mutagenic meat]
 11456 | D:10     | Gained mutation: You are partially covered in icy blue scales (AC +1). [mutagenic meat]
 11457 | D:10     | Gained mutation: You are somewhat resistant to further mutation. [mutagenic meat]
 11535 | D:10     | Received a gift from Okawaru
 11679 | D:10     | Found a shadowy altar of Dithmenos.
 11820 | D:10     | Noticed a gargoyle
 11835 | D:10     | Killed a gargoyle
 12422 | D:11     | Found Rined's Weapon Boutique.
 12436 | D:11     | Bought 6 needles of sleeping for 36 gold pieces
 12500 | D:11     | Noticed Maud
 12520 | D:11     | Killed Maud
 12520 | D:11     | Received a gift from Okawaru
 12520 | D:11     | Received a gift from Okawaru
 12520 | D:11     | Reached XP level 11. HP: 103/106 MP: 13/17
 12618 | D:11     | Reached ***** piety under Okawaru
 12874 | D:11     | Noticed a cyclops
 12883 | D:11     | Killed a cyclops
 12883 | D:11     | Reached skill level 1 in Invocations
 12907 | D:11     | Noticed a hill giant
 12913 | D:11     | Killed a hill giant
 13106 | D:11     | Found a staircase to the Lair.
 13519 | Lair:1   | Entered Level 1 of the Lair of Beasts
 13755 | Lair:1   | Received a gift from Okawaru
 13766 | Lair:1   | Reached skill level 5 in Invocations
 13771 | Lair:1   | Got a polished demon trident {god gift}
 13793 | Lair:1   | Identified the +3 demon trident "Zoiroukiom" {pierce, rPois rF- rC+ MP+9} (Okawaru gifted it to you on level 1 of the Lair of Beasts)
 14472 | Lair:2   | Noticed Harold
 14507 | Lair:2   | Killed Harold
 14517 | Lair:2   | Noticed simples's ghost (novice MiFi)
 14528 | Lair:2   | Killed simples's ghost
 14528 | Lair:2   | Reached skill level 7 in Invocations
 14700 | Lair:2   | Noticed Sonja
 14707 | Lair:2   | Killed Sonja
 14733 | Lair:2   | Noticed emiel's ghost (journeyman NaGl)
 15041 | Lair:2   | Reached XP level 12. HP: 78/115 MP: 18/18
 15054 | Lair:2   | Killed emiel's ghost
 15054 | Lair:2   | Received a gift from Okawaru
 15054 | Lair:2   | Reached skill level 5 in Spellcasting
 15205 | Lair:2   | Noticed a seven-headed hydra
 15213 | Lair:2   | Killed a seven-headed hydra
 16326 | Lair:3   | Identified a scroll of acquirement
 16327 | Lair:3   | Got a slimy giant spiked club
 16328 | Lair:3   | Identified the +4 giant spiked club of Gotaoc {crush, rPois rF+ Int+4} (You acquired it on level 3 of the Lair of Beasts)
 16757 | Lair:3   | Found a staircase to the Snake Pit.
 16765 | Lair:3   | Noticed an eight-headed hydra
 17033 | Lair:3   | Killed an eight-headed hydra
 17743 | Lair:4   | Reached skill level 8 in Maces & Flails
 18354 | Lair:4   | Received a gift from Okawaru
 18439 | Lair:4   | Reached XP level 13. HP: 124/124 MP: 20/20
 18535 | Lair:4   | Received a gift from Okawaru
 19221 | Lair:5   | Found a labyrinth entrance.
 19231 | Lab      | Entered a labyrinth
 19526 | Lab      | Reached skill level 9 in Maces & Flails
 19577 | Lab      | Identified the Tome of the Eight Nights (You found it in a labyrinth)
 19610 | Lair:5   | Found a dark tunnel.
 19614 | Volcano  | Entered a volcano
 20466 | Lair:5   | Found a staircase to the Swamp.
 21287 | Lair:6   | Received a gift from Okawaru
 21603 | Lair:6   | Hired Kaerufum the naga for 157 gold.
 21641 | Lair:6   | Noticed Snorg
 21648 | Lair:6   | Killed Snorg
 21657 | Lair:6   | Your ally Kaerufum died
 21698 | Lair:6   | Received a gift from Okawaru
 22731 | Lair:6   | Reached skill level 10 in Maces & Flails
 22876 | Lair:7   | Received a gift from Okawaru
 22956 | Lair:7   | Reached XP level 14. HP: 71/137 MP: 22/22
 23526 | Lair:7   | Identified Ujynanuj's Reference Book on the Volcanoes (You found it on level 7 of the Lair of Beasts)
 23744 | Lair:7   | Found a staircase to the Slime Pits.
 24116 | Lair:8   | Entered Level 8 of the Lair of Beasts
 24376 | Lair:8   | Noticed simples's ghost (journeyman MiFi)
 24388 | Lair:8   | Killed simples's ghost
 25432 | Lair:8   | Received a gift from Okawaru
 25436 | Lair:8   | Got a twisted hat {god gift}
 25447 | Lair:8   | Identified the +2 hat of Articulation {Int+6 Dex+7} (Okawaru gifted it to you on level 8 of the Lair of Beasts)
 25562 | Lair:8   | Found a burning altar of Makhleb.
 25628 | Lair:8   | Reached skill level 11 in Maces & Flails
 25637 | Lair:8   | Found a gateway to Hell.
 27118 | D:12     | Found a staircase to the Orcish Mines.
 27127 | Orc:1    | Entered Level 1 of the Orcish Mines
 27293 | Orc:1    | Found Kigobb's Antique Weapon Shop.
 27311 | Orc:1    | Found Ycir's Antique Armour Shoppe.
 27312 | Orc:1    | Found Miplupri's Weapon Shop.
 27414 | Orc:1    | Bought a runed cloak for 94 gold pieces
 27982 | Orc:2    | Found a roughly hewn altar of Beogh.
 28878 | Orc:3    | Found a burning altar of Makhleb.
 28967 | Orc:3    | Got an ancient whip
 28968 | Orc:3    | Identified the +2 whip of Sharkskin {slash, +Rage Int+2} (You found it on level 3 of the Orcish Mines)
 28984 | Orc:4    | Entered Level 4 of the Orcish Mines
 29369 | Orc:4    | Found a staircase to the Elven Halls.
 30106 | Orc:4    | Noticed an orc warlord
 30159 | Orc:4    | Killed an orc warlord
 30289 | Orc:4    | Reached XP level 15. HP: 137/146 MP: 24/24
 30448 | Orc:4    | Received a gift from Okawaru
 30874 | Orc:4    | Found Kaphum's General Store.
 30874 | Orc:4    | Found Bomuk's Jewellery Boutique.
 30875 | Orc:4    | Found Muckael's Antique Armour Shop.
 30875 | Orc:4    | Found Puesy's Antique Weapon Shop.
 31136 | Orc:4    | Received a gift from Okawaru
 31202 | Orc:4    | Bought a cursed ring of loudness for 54 gold pieces
 31202 | Orc:4    | Bought a cursed amulet of inaccuracy for 24 gold pieces
 31206 | Orc:4    | Bought the amulet "Qirurch" {+Rage rC+ Int+2 Slay+3} for 849 gold pieces
 31209 | Orc:4    | Bought 3 scrolls of enchant armour for 315 gold pieces
 31272 | Orc:4    | Bought a scroll of fog for 28 gold pieces
 31272 | Orc:4    | Bought an uncursed amulet of faith for 560 gold pieces
 31272 | Orc:4    | Bought a scroll of fear for 49 gold pieces
 31272 | Orc:4    | Bought a potion of curing for 42 gold pieces
 32633 | D:13     | Received a gift from Okawaru
 32845 | D:13     | Gained mutation: You have large cloven feet. [mutagenic meat]
 32846 | D:13     | Gained mutation: You have hoof-like feet. [mutagenic meat]
 32871 | D:13     | Found Tukaifuu's Assorted Antiques.
 32942 | D:13     | Bought a potion of heal wounds for 165 gold pieces
 32942 | D:13     | Bought a scroll of identify for 66 gold pieces
 32942 | D:13     | Bought a potion of lignification for 99 gold pieces
 32942 | D:13     | Bought a scroll of remove curse for 99 gold pieces
 33102 | D:13     | Gained mutation: You are dopey. (Int -2) [mutagenic meat]
 33470 | D:13     | Found a shimmering altar of Xom.
 33493 | D:13     | Reached skill level 12 in Maces & Flails
 33687 | D:13     | Found a gate to the Vaults.
 33909 | D:13     | Found an iron altar of Okawaru.
 34042 | D:13     | Received a gift from Okawaru
 34053 | D:13     | Got an ivory flail {vamp}
 34054 | D:13     | Identified the +11 flail of Battle {vamp, rN++ MP-9 Dex+4} (You took it off an orc warrior on level 13 of the Dungeon)
 34739 | D:13     | Reached skill level 1 in Shields
 34776 | D:13     | Noticed Azrael
 34787 | D:13     | Killed Azrael
 34787 | D:13     | Received a gift from Okawaru
 35057 | D:13     | Got an ichor-stained scythe {venom}
 35058 | D:13     | Identified the +6 scythe of Ijuwkiaq {venom, +Rage rElec Dex+3} (You took it off an orc warrior on level 13 of the Dungeon)
 35095 | D:13     | Got a warped quick blade
 35585 | D:14     | Identified the +1 quick blade of Integrity {flame, Stlth+} (You found it on level 13 of the Dungeon)
 35673 | D:14     | Reached skill level 5 in Shields
 36815 | D:15     | Entered Level 15 of the Dungeon
 36982 | D:15     | Reached XP level 16. HP: 128/157 MP: 16/25
 37067 | D:15     | Noticed Josephine
 37074 | D:15     | Killed Josephine
 37341 | D:15     | Found a staircase to the Depths.
 37403 | D:15     | Found Favegi's General Store.
 37422 | D:15     | Reached ****** piety under Okawaru
 37440 | D:15     | Received a gift from Okawaru
 37507 | D:15     | Bought a +1 swamp dragon armour for 627 gold pieces
 39227 | Swamp:1  | Entered Level 1 of the Swamp
 39324 | Swamp:1  | Noticed Donald
 39348 | Swamp:1  | Killed Donald
 39626 | Swamp:1  | Noticed Nikola
 39636 | Swamp:1  | Killed Nikola
 39861 | Swamp:1  | Reached skill level 10 in Shields
 40473 | Swamp:2  | Received a gift from Okawaru
 41541 | Swamp:3  | Received a gift from Okawaru
 41757 | Swamp:3  | Reached XP level 17. HP: 165/165 MP: 17/26
 41786 | Swamp:3  | Lost mutation: Your muscles are strong. (Str +2) [mutagenic meat]
 41788 | Swamp:3  | Gained mutation: You possess an exceptional clarity of mind. [mutagenic meat]
 41856 | Swamp:3  | Received a gift from Okawaru
 42140 | Swamp:4  | Entered Level 4 of the Swamp
 42873 | Swamp:4  | Reached skill level 13 in Shields
 42915 | Swamp:4  | Noticed the 27-headed Lernaean hydra
 42932 | Swamp:4  | Killed the 27-headed Lernaean hydra
 43047 | Swamp:4  | Got a decaying rune of Zot
 43842 | Snake:1  | Entered Level 1 of the Snake Pit
 43958 | Snake:1  | Received a gift from Okawaru
 43971 | Snake:1  | Reached skill level 14 in Shields
 44883 | Snake:2  | Found a burning altar of Makhleb.
 45238 | Snake:2  | Received a gift from Okawaru
 45792 | Snake:3  | Received a gift from Okawaru
 45792 | Snake:3  | Reached skill level 15 in Shields
 45954 | Snake:3  | Reached XP level 18. HP: 170/174 MP: 25/27
 45967 | Snake:3  | Reached skill level 1 in Armour
 45986 | Snake:3  | Gained mutation: You are agile. (Dex +2) [mutagenic meat]
 46742 | Snake:4  | Entered Level 4 of the Snake Pit
 46747 | Snake:4  | Reached skill level 10 in Fighting
 46833 | Snake:4  | Found a shattered altar of Ashenzari.
 47492 | Snake:4  | Noticed HEYYEYAAE's ghost (adept SpTm)
 47536 | Snake:4  | Killed HEYYEYAAE's ghost
 47563 | Snake:4  | Received a gift from Okawaru
 47760 | Snake:4  | Got a serpentine rune of Zot
 48657 | Elf:1    | Entered Level 1 of the Elven Halls
 48697 | Elf:1    | Found Xawnut's Food Shop.
 48738 | Elf:1    | Received a gift from Okawaru
 48822 | Elf:1    | Received a gift from Okawaru
 48822 | Elf:1    | Reached skill level 5 in Armour
 48992 | Elf:1    | Identified Sif Muna's Papyrus of Summoning
 49234 | Elf:1    | Received a gift from Okawaru
 49635 | Elf:1    | Noticed Louise
 49650 | Elf:1    | Killed Louise
 49676 | Elf:1    | Received a gift from Okawaru
 49682 | Elf:1    | Got a ripped robe {god gift}
 49696 | Elf:1    | Identified the +0 robe "Qorgh" {Int+3 Dex+4 Slay+3} (Okawaru gifted it to you on level 1 of the Elven Halls)
 49757 | Elf:1    | Reached XP level 19. HP: 184/184 MP: 28/28
 50200 | Elf:2    | Found a runed gate.
 50200 | Elf:2    | Found a runed gate.
 50200 | Elf:2    | Found a runed gate.
 50719 | Elf:2    | Noticed Jorgrun
 50733 | Elf:2    | Killed Jorgrun
 51009 | Elf:2    | Reached skill level 15 in Maces & Flails
 51028 | Elf:3    | Entered Level 3 of the Elven Halls
 52390 | Elf:3    | Received a gift from Okawaru
 52443 | Elf:3    | Gained mutation: You expend magic power (3 MP) to strengthen your wands. [a neqoxec]
 52483 | Elf:3    | Got a smoking bronze ring
 52729 | Elf:3    | Learned a level 2 spell: Repel Missiles
 52732 | Elf:3    | Learned a level 2 spell: Swiftness
 52743 | Elf:3    | Identified the ring "Kuast" {+/*Tele rPois rN+ MP+9 Str-3} (You took it off a deep elf high priest on level 3 of the Elven Halls)
 52801 | Elf:3    | Identified the Almanac of Lightness
 52826 | Elf:3    | Reached XP level 20. HP: 197/197 MP: 29/29
 52859 | Elf:3    | Got an uncursed iridescent morningstar {elec}
 52859 | Elf:3    | Got a sheer robe
 52872 | Elf:3    | Identified the +4 robe "Colu" {rElec rPois Dex-3 Slay+3} (You took it off a deep elf knight on level 3 of the Elven Halls)
 52886 | Elf:3    | Identified the +3 morningstar "Jejiad" {elec, Int+6} (You took it off a deep elf knight on level 3 of the Elven Halls)
 52894 | Elf:3    | Got a sparkling brass ring
 52897 | Elf:3    | Identified the ring of Qafatipo {SustAt +Blink rC+ MP-9} (You took it off a deep elf death mage on level 3 of the Elven Halls)
 52946 | Elf:3    | Got a fine long sword {slice}
 52947 | Elf:3    | Identified the cursed +0 long sword of the Dungeon {slice, rF+ Dex-4 SInv Stlth+} (You took it off a deep elf death mage on level 3 of the Elven Halls)
 53051 | Elf:3    | Reached skill level 16 in Maces & Flails
 53601 | Slime:1  | Entered Level 1 of the Pits of Slime
 53940 | Slime:3  | Gained mutation: Your magical capacity is low (-10% MP). [a shining eye]
 54578 | Slime:2  | Received a gift from Okawaru
 55134 | Slime:3  | Received a gift from Okawaru
 55978 | Slime:5  | Reached skill level 17 in Maces & Flails
 56411 | Slime:6  | Entered Level 6 of the Pits of Slime
 56883 | Slime:6  | Received a gift from Okawaru
 57052 | Slime:6  | Noticed the royal jelly
 57266 | Slime:6  | Killed the royal jelly
 57266 | Slime:6  | Received a gift from Okawaru
 57266 | Slime:6  | Reached XP level 21. HP: 129/210 MP: 11/27
 57780 | Slime:6  | Got a slimy rune of Zot
 57854 | Slime:6  | Identified Noogh's Disquisition on Talismans (You found it on level 6 of the Pits of Slime)
 57862 | Slime:6  | Learned a level 6 spell: Haste
 58007 | Slime:6  | Got a crystal mace
 58008 | Slime:6  | Identified the +1 mace of Vanity {holy, rF+} (You found it on level 6 of the Pits of Slime)
 58017 | Slime:6  | Got an ancient flail
 58026 | Slime:6  | Identified the +2 flail "Lisypya" {crush, Int+2} (You found it on level 6 of the Pits of Slime)
 58529 | Lair:1   | Learned a level 6 spell: Dispersal
 58698 | Depths:1 | Entered Level 1 of the Depths
 59017 | Depths:1 | Reached skill level 18 in Maces & Flails
 59100 | Depths:1 | Reached skill level 10 in Armour
 59688 | Depths:1 | Received a gift from Okawaru
 59691 | Depths:1 | Got a polished cloak {god gift}
 59702 | Depths:1 | Identified the +2 cloak of Masochism {MP+9 Int+2 Slay+6} (Okawaru gifted it to you on level 1 of the Depths)
 60030 | Depths:1 | Found a one-way gate to the infinite horrors of the Abyss.
 60829 | Depths:2 | Noticed the Enchantress
 60852 | Depths:2 | Killed the Enchantress
 60879 | Depths:2 | Got a faerie dragon armour
 60883 | Depths:2 | Identified the +0 faerie dragon armour {rElec} (You took it off the Enchantress on level 2 of the Depths)
 61612 | Depths:2 | Received a gift from Okawaru
 61618 | Depths:2 | Reached XP level 22. HP: 201/222 MP: 23/28
 61637 | Depths:2 | Reached skill level 19 in Maces & Flails
 61746 | Depths:2 | Got a brightly glowing spear {pierce}
 61747 | Depths:2 | Identified the +6 spear of the Toadstool {pierce, Int+7 Dex-2} (You took it off a spriggan berserker on level 2 of the Depths)
 61826 | Depths:2 | Identified Oligh's Collected Works on Stones
 61834 | Depths:2 | Reached skill level 10 in Dodging
 61834 | Depths:2 | Reached XP level 23. HP: 230/230 MP: 29/29
 61985 | Depths:2 | Found a portal to a secret trove of treasure.
 62960 | Depths:2 | You paid a toll of 2 potions of cure mutation to enter a treasure trove
 62961 | Trove    | Entered a treasure trove
 62972 | Trove    | Got an ancient large shield
 62983 | Trove    | Identified the +6 large shield of the Gardener {rN+ Str-4 Int+4 Dex+2} (You found it in a treasure trove)
 63019 | Trove    | Got a faintly humming cloak
 63030 | Trove    | Identified the +3 cloak of Benevolence {-Tele +Fly rF++ rC+} (You found it in a treasure trove)
 63042 | Trove    | Got a dazzling shield
 63053 | Trove    | Identified the +1 shield "Daloys" {rElec MP-9 Str+4 Dex+4} (You found it in a treasure trove)
 63066 | Trove    | Got a brightly glowing cloak
 63077 | Trove    | Identified the -4 cloak "Unob Gonk" {Str+3} (You found it in a treasure trove)
 63195 | Trove    | Got a jewelled shield
 63206 | Trove    | Identified the +4 shield of Vlad {rPois rC+ MR+ Str-4} (You found it in a treasure trove)
 63222 | Trove    | Got a faintly humming cloak
 63233 | Trove    | Identified the +0 cloak of Curiosity {Str+4} (You found it in a treasure trove)
 64183 | Depths:3 | Noticed Norris
 64200 | Depths:3 | Killed Norris
 64357 | Depths:3 | Got a pitted hat
 64358 | Depths:3 | Identified the cursed -4 hat "Lyum" {rN+} (You found it on level 3 of the Depths)
 64681 | Depths:3 | Found a one-way gate leading to the halls of Pandemonium.
 64690 | Depths:3 | Found a gateway to a bazaar.
 64695 | Depths:3 | Received a gift from Okawaru
 64819 | Depths:3 | HP: 11/232 [frost giant (illusionary)/bolt of cold (45)]
 64822 | Depths:3 | Killed from afar by a frost giant (illusionary)

Action                   |  1- 3 |  4- 6 |  7- 9 | 10-12 | 13-15 | 16-18 | 19-21 | 22-24 || total
-------------------------+-------+-------+-------+-------+-------+-------+-------+-------++-------
Melee: Mace              |    59 |   373 |    79 |       |       |       |       |       ||   511
       Flail             |       |       |   697 |   636 |   263 |  1692 |  1920 |   310 ||  5518
       Giant spiked club |       |       |       |   114 |   991 |       |       |       ||  1105
 Fire: Blowgun           |       |       |       |     5 |       |       |       |       ||     5
Throw: Tomahawk          |       |    14 |     2 |       |    29 |       |     7 |       ||    52
       Large rock        |       |       |       |    77 |   334 |    91 |   117 |     3 ||   622
       Throwing net      |       |       |       |       |     1 |       |       |       ||     1
 Cast: Blink             |       |     4 |       |    21 |    51 |    10 |     8 |     1 ||    95
       Portal Projectile |       |     4 |     1 |    18 |    62 |    17 |    20 |       ||   122
       Shroud of Golubri |       |       |       |    11 |    11 |       |       |       ||    22
       Passage of Golubr |       |       |       |       |     2 |       |       |       ||     2
       Repel Missiles    |       |       |       |       |       |       |     8 |     2 ||    10
Invok: Heroism           |       |       |     1 |    12 |     8 |     7 |     7 |     1 ||    36
       Finesse           |       |       |       |     1 |       |     1 |     3 |     1 ||     6
Evoke: Wand              |       |       |     4 |    10 |     4 |       |     7 |       ||    25
       Deck              |       |       |       |       |     1 |       |       |       ||     1
  Use: Potion            |     2 |     5 |     1 |     8 |     4 |     3 |     8 |     1 ||    32
       Scroll            |     1 |    12 |     7 |    15 |    18 |    10 |    26 |     6 ||    95
 Stab: Paralysed         |       |       |     4 |       |       |       |       |       ||     4
       Sleeping          |       |       |       |     3 |     1 |       |       |       ||     4
       Petrified         |       |       |       |       |       |       |       |     2 ||     2
       Distracted        |       |       |       |       |       |       |       |     1 ||     1
       Petrifying        |       |       |       |       |       |       |       |     1 ||     1
  Eat: Chunk             |     8 |    26 |    67 |    93 |   202 |   121 |    69 |    28 ||   614
       Meat ration       |       |       |     3 |       |       |     3 |     1 |     1 ||     8
       Beef jerky        |       |       |     1 |       |       |     1 |     1 |       ||     3
       Fruit             |       |       |       |     2 |       |     1 |    25 |       ||    28
       Bread ration      |       |       |       |       |       |     2 |     2 |       ||     4
       Pizza             |       |       |       |       |       |       |     2 |       ||     2
       Royal jelly       |       |       |       |       |       |       |     1 |       ||     1
